 Dungeon Crawl Stone Soup version 0.18.1-50-g88ac8fd (webtiles) character file.

256 Havoc the Digger (level 5, -5/38 HPs)
             Began as a Draconian Earth Elementalist on Apr 25, 2017.
             Was an Initiate of Fedhas.
             Slain by an ogre
             ... wielding a +0 giant club
              (8 damage)
             ... on level 4 of the Dungeon.
             The game lasted 00:31:52 (5155 turns).

Havoc the Digger (Draconian Earth Elementalist)     Turns: 5155, Time: 00:31:53

Health: -5/38      AC:  6    Str: 11    XL:     5   Next: 92%
Magic:  8/8        EV: 12    Int: 16    God:    Fedhas [......]
Gold:   69         SH:  0    Dex: 11    Spells: 5 memorised, 0 levels left

rFire  . . .     SeeInvis .     o - +0 club
rCold  . . .     Gourm    .     (armour unavailable)
rNeg   . . .     Faith    .     (no shield)
rPois  .         Spirit   .     (helmet restricted)
rElec  .         Dismiss  .     (no cloak)
rCorr  .         Reflect  .     q - +0 pair of gloves
SustAt .         Harm     .     (no boots)
MR     .....                    (no amulet)
Stlth  ++........               (no ring)
                                (no ring)

@: not resistant to hostile enchantments, unstealthy
A: unfitting armour, cold-blooded, AC +5
a: Renounce Religion


You were on level 4 of the Dungeon.
You worshipped Fedhas.
Fedhas was noncommittal.
You were not hungry.

You visited 1 branch of the dungeon, and saw 5 of its levels.

You collected 69 gold pieces.

Inventory:

Hand Weapons
 o - a +0 club (weapon)
Missiles
 a - 112 stones (quivered)
 j - 54 arrows
 s - 20 poisoned needles
 u - 8 javelins
Armour
 q - a +0 pair of gloves (worn)
Scrolls
 c - 2 scrolls of identify {unknown}
 g - a scroll of blinking {unknown}
 l - a scroll of noise {unknown}
Potions
 e - a potion of flight {unknown}
 i - a potion of berserk rage {unknown}
 k - 2 potions of lignification {unknown}
 m - a potion of invisibility {unknown}
 p - a potion of mutation {unknown}
 t - a potion of might {unknown}
 v - a potion of cure mutation {unknown}
 x - a potion of agility {unknown}
Books
 b - a book of Geomancy

   Spells                             Type                      Level
   a - Sandblast                      Earth                        1
   b - Passwall                       Transmutation/Earth          2
   c - Stone Arrow                    Conjuration/Earth            3
   d - Petrify                        Transmutation/Earth          4
   e - Lee's Rapid Deconstruction     Earth                        5
 w - a book of Changes

   Spells                             Type                      Level
   a - Beastly Appendage              Transmutation                1
   b - Sticks to Snakes               Transmutation                2
   c - Spider Form                    Transmutation/Poison         3
   d - Ice Form                       Ice/Transmutation            4
   e - Blade Hands                    Transmutation                5
Comestibles
 d - 2 meat rations
 n - a beef jerky
 r - 2 bread rations


   Skills:
 - Level 1.7 Dodging
 - Level 1.7 Stealth
 - Level 2.5 Spellcasting
 - Level 1.0 Transmutations
 * Level 6.4 Earth Magic


You couldn't memorise any spells.
You knew the following spells:

 Your Spells              Type           Power        Failure   Level  Hunger
a - Sandblast             Erth           ###...       1%          1    #......
b - Passwall              Trmt/Erth      ##........   10%         2    ##.....
c - Stone Arrow           Conj/Erth      ##....       17%         3    ###....
d - Beastly Appendage     Trmt           #.....       14%         1    #......
e - Sticks to Snakes      Trmt           #.......     21%         2    ##.....


Dungeon Overview and Level Annotations

Branches:
Dungeon (5/15)
 Temple: D:4-7

Altars:
Fedhas
Okawaru
Pakellas
Qazlal
Trog
The Shining One

Shops:
D:4 :

Annotations:
D:4 Edmund
D:5 Pikel


Innate Abilities, Weirdness & Mutations

Your plain brown scales are hard (AC +5).
Your body does not fit into most forms of armour.
You are cold-blooded and may be slowed by cold attacks.


Message History

There is a stone staircase leading up here.
You climb upwards.
Level annotation: Edmund The ogre closely misses you.
The orc priest closely misses you.
There is a stone staircase leading down here.
As you read the scroll labeled VOVEUHUOCW, it crumbles to dust.
It is a scroll of recharging.
You aren't carrying any rechargeable items.
The ogre hits you with a giant club!!
Ouch! That really hurt!
The orc priest hits you with a flail.
As you read the scroll labeled UPADGH ITSUWEO, it crumbles to dust.
The creatures around you are filled with an inner flame!
It was a scroll of immolation.
The ogre hits you with a giant club!
* * * LOW HITPOINT WARNING * * *
You barely miss the orc priest. You tail-slap the orc priest.
The orc priest is lightly wounded.
The orc priest barely misses you. The ogre hits you with a giant club!
You die...
Fedhas appreciates your contribution to the ecosystem.

#.# #.# #.# #####.#
#.# #.# #.# #.# #.#
#.# #.# #.# #.# #.#
##.## #.# #.#
#.###...#######.# #.#
......... ..##.# #.#
#.# #...# #.##.# #.#
#.####.#####.##.####
#.#
#.O@o...............
#.#
##.######.###.##.####
#.###...#####.###.##.#
#...............o....#
#####...#####.###.####
# ##.## #.# #.# # #.#
#.# #.# #
#.######.###o#######
#...∩...........o...


You could see an ogre (inner flame) and an orc priest (inner flame).

Vanquished Creatures
  A hound (D:4)
  A centaur skeleton (D:4)
  2 orc wizards
  2 gnolls (D:4)
  4 adders
  An ooze (D:3)
  2 worms
  4 giant geckos
  4 orcs
  A ball python (D:2)
  6 giant cockroaches
  7 goblins
  5 hobgoblins
  10 jackals
  7 kobolds
  9 bats
  8 giant newts
  7 rats
81 creatures vanquished.

Vanquished Creatures (others)
  A fungus (D:3)
  3 toadstools (D:4)
4 creatures vanquished.

Grand Total: 85 creatures vanquished

Notes
Turn   | Place    | Note
--------------------------------------------------------------
     0 | D:1      | Havoc the Draconian Earth Elementalist began the quest for the Orb.
     0 | D:1      | Reached XP level 1. HP: 14/14 MP: 3/3
   397 | D:1      | Reached XP level 2. HP: 20/20 MP: 3/5
  1363 | D:2      | Found a glowing golden altar of the Shining One.
  1434 | D:2      | Found an oddly glowing altar of Pakellas.
  1561 | D:2      | Reached XP level 3. HP: 26/26 MP: 0/6
  1898 | D:2      | Reached skill level 4 in Earth Magic
  2056 | D:2      | Found a bloodstained altar of Trog.
  2580 | D:3      | Reached XP level 4. HP: 33/33 MP: 3/7
  2792 | D:3      | Learned a level 2 spell: Passwall
  2796 | D:3      | Learned a level 3 spell: Stone Arrow
  2873 | D:3      | Found an iron altar of Okawaru.
  3006 | D:3      | Found a blossoming altar of Fedhas.
  3006 | D:3      | Found a stormy altar of Qazlal.
  3017 | D:3      | Became a worshipper of Fedhas Madash
  3502 | D:3      | Reached skill level 5 in Earth Magic
  3574 | D:4      | Noticed Edmund
  4080 | D:4      | Learned a level 1 spell: Beastly Appendage
  4164 | D:4      | Reached XP level 5. HP: 10/38 MP: 0/8
  4388 | D:4      | Learned a level 2 spell: Sticks to Snakes
  4399 | D:4      | Found Gahec's Book Boutique.
  4470 | D:3      | Reached skill level 6 in Earth Magic
  4891 | D:4      | Noticed an ogre
  5078 | D:5      | Entered Level 5 of the Dungeon
  5096 | D:5      | Noticed a slave
  5124 | D:5      | Noticed a slave
  5125 | D:5      | Noticed Pikel
  5125 | D:5      | Noticed a slave
  5155 | D:4      | Slain by an ogre

Skill      XL: |  1  2  3  4  5 |
---------------+----------------+-----
Earth Magic    | 4 5 6 |  6.4
Dodging        | |  1.7
Stealth        | |  1.7
Spellcasting   | |  2.5
Transmutations | |  1.0

Action                   |  1- 3 |  4- 6 || total
-------------------------+-------+-------++-------
Melee: Unarmed           |    67 |       ||    67
       Tailslap          |     3 |    10 ||    13
       Club              |       |    72 ||    72
       Kick              |       |     3 ||     3
Throw: Stone             |    35 |    15 ||    50
 Cast: Sandblast         |    94 |    81 ||   175
       Beastly Appendage |       |     5 ||     5
       Sticks to Snakes  |       |     3 ||     3
       Stone Arrow       |       |     1 ||     1
  Use: Scroll            |       |     2 ||     2
 Stab: Sleeping          |     1 |     2 ||     3
  Eat: Chunk             |     6 |     5 ||    11
       Beef jerky        |       |     1 ||     1
       Meat ration       |       |     1 ||     1
Armor: Skin              |    50 |    56 ||   106
Dodge: Dodged            |    95 |    96 ||   191
